 Dungeon Crawl Stone Soup version 0.26.1-2-gb8aa6d0cf2 (webtiles) character file.

Game seed: 4591711301506395580

94733 Amaterasu the Whirler (level 16, -7/117 HPs)
             Began as a Halfling Hunter on Feb 17, 2021.
             Was the Champion of Okawaru.
             Killed from afar by an ogre mage (42 damage)
             ... with a crystal spear
             ... on level 15 of the Dungeon.
             The game lasted 00:40:05 (23542 turns).

Amaterasu the Whirler (Halfling Hunter)            Turns: 23542, Time: 00:40:06

Health: -7/117     AC: 22    Str: 23    XL:     16   Next: 61%
Magic:  17/22      EV: 24    Int:  9    God:    Okawaru [******]
Gold:   1522       SH: 17    Dex: 26    Spells: 15/15 levels left

rFire    . . .     SeeInvis +   Y - +8 arc blade {discharge, rElec}
rCold    . . .     Faith    .   c - +2 buckler
rNeg     . . .     Spirit   .   V - +3 chain mail {rPois}
rPois    +         Reflect  +   n - +1 helmet
rElec    +         Harm     .   z - +1 cloak {Stlth+}
rCorr    .         Rampage  .   L - -2 pair of gloves of Kunahy {*Slow Str+3 SInv}
Will     ++...                  M - +0 pair of boots
Stlth    +.........             f - amulet of reflection
HPRegen  0.29/turn              W - ring "Ungese" {+Inv rElec Will+ Str+5}
MPRegen  0.18/turn              C - +6 ring of dexterity

@: heroism, finesse
A: small, mutation resistance 1
a: Renounce Religion, Evoke Invisibility, Heroism, Finesse


You were on level 15 of the Dungeon.
You worshipped Okawaru.
Okawaru was exalted by your worship.
You visited 3 branches of the dungeon, and saw 22 of its levels.
You also visited: Gauntlet and Ice Cave.

You collected 1522 gold pieces.

Inventory:

Hand Weapons
 h - a +3 fustibalus of flaming
 N - the +11 hunting sling of Battle {freeze, rN+}
   (You took it off a minotaur in a Gauntlet)

   It causes projectiles fired from it to freeze those they strike, causing
   extra injury to most foes and up to half again as much damage against
   particularly susceptible opponents.
   They can also slow down cold-blooded creatures.
   It protects you from negative energy.
 Y - the +8 arc blade (weapon) {discharge, rElec}
   (You found it in an ice cave)

   It insulates you from electricity.
Missiles
 d - 169 sling bullets
 e - 498 stones (quivered)
Armour
 c - a +2 buckler (worn)
 n - a +1 helmet (worn)
 z - a +1 cloak of stealth (worn)
 L - the -2 pair of gloves of Kunahy (worn) {*Slow Str+3 SInv}
   (Okawaru gifted it to you on level 13 of the Dungeon)

   It affects your strength (+3).
   It lets you see invisible.
   It may slow you when you take damage.
 M - a +0 pair of boots (worn)
 V - a +3 chain mail of poison resistance (worn)
Jewellery
 f - an amulet of reflection (around neck)
 i - a +6 ring of strength
 l - a cursed amulet of inaccuracy {unknown}
 s - an uncursed ring of ice {unknown}
 v - an uncursed amulet of regeneration
 C - a +6 ring of dexterity (right hand)
 W - the ring "Ungese" (left hand) {+Inv rElec Will+ Str+5}
   (You acquired it in an ice cave)

   [ring of willpower]

   It affects your strength (+5).
   It insulates you from electricity.
   It affects your willpower, your defense against some magical effects.
   It lets you turn invisible.
Wands
 a - a wand of polymorph (5)
 t - a wand of iceblast (37)
 A - a wand of flame (57)
 E - a wand of enslavement (21)
 H - a wand of paralysis (19)
 I - a wand of random effects (40)
 P - a wand of digging (10)
Scrolls
 u - 11 scrolls of remove curse
 y - 5 scrolls of enchant armour
 B - 3 scrolls of amnesia
 J - a scroll of blinking
 O - 2 scrolls of fear
 S - a scroll of fog
 Z - a scroll of teleportation
Potions
 j - 4 potions of curing
 k - 5 potions of attraction
 m - 2 potions of brilliance
 o - 8 potions of might
 p - 2 potions of magic
 q - 8 potions of heal wounds
 r - 4 potions of mutation
 w - 4 potions of lignification
 x - 2 potions of invisibility
 D - a potion of berserk rage {unknown}
 G - a potion of cancellation
 R - 4 potions of flight
Miscellaneous
 b - a phial of floods
 g - a condenser vane
 K - a tin of tremorstones (2/2)
 Q - a phial of floods
 U - a box of beasts
 X - a phantom mirror


   Skills:
 - Level 13.0(18.0) Fighting
 * Level 13.4(18.4) Short Blades
 - Level 18.0(23.0) Slings
 - Level 9.0(14.0) Armour
 - Level 9.0(14.0) Dodging
 - Level 1.1(6.1) Stealth
 - Level 6.0(11.0) Shields
 - Level 9.0 Invocations
 - Level 10.0 Evocations


You had 15 spell levels left.
You didn't know any spells.
Your spell library contained the following spells:

 Spells                   Type           Power        Failure   Level
 Sting                    Tmut/Pois      0%           88%         1
 Blink                    Tloc           N/A          96%         2
 Corpse Rot               Necr/Air       N/A          96%         2
 Stone Arrow              Conj/Erth      0%           99%         3
 Ice Form                 Ice/Tmut       0%           100%        4
 Summon Forest            Summ/Tloc      0%           100%        5
 Dispersal                Tloc           0%           100%        6
 Eringya's Noxious Bog    Tmut/Pois      0%           100%        6
 Hydra Form               Tmut           0%           100%        6
 Summon Hydra             Summ           0%           100%        7


Dungeon Overview and Level Annotations

Branches:
Dungeon (15/15)            Temple (1/1) D:4            Lair (6/6) D:11
  Swamp (0/4) Lair:2        Snake (0/4) Lair:4        Slime (0/5) Lair:6
    Orc (0/2) D:9          Vaults (0/5) D:13          IceCv (visited)
Gauntlet (visited)
 Depths: D:15

Altars:
Ashenzari
Cheibriados
Dithmenos
Elyvilon
Fedhas
Gozag
Hepliaklqana
Kikubaaqudgha
Makhleb
Nemelex Xobeh
Okawaru
Qazlal
Ru
Sif Muna
Trog
Uskayaw
Vehumet
Wu Jian
Xom
Yredelemnul
Zin
The Shining One
Jiyva

Shops:
D:10 }

Annotations:
D:5 1 runed translucent door, unihiutale's ghost, novice HuWn


Innate Abilities, Weirdness & Mutations

You are small and have problems with some larger weapons.
You are somewhat resistant to further mutation.


Message History

You see here 13 sling bullets.
You block the ogre mage's attack.
You puncture the ogre mage!
The ogre mage is moderately wounded.
You puncture the ogre mage!
The ogre mage is moderately wounded.
You hit the ogre mage.
The arc blade crackles.
The ogre mage is struck by an arc of lightning!!
The ogre mage is almost dead.
You resist.
You are struck by an arc of lightning.
* * * LOW HITPOINT WARNING * * *
The ogre mage is struck by an arc of lightning!
The ogre mage is almost dead.
You resist.
You are struck by an arc of lightning.
The ogre mage is almost dead.
You hit the ogre mage.
The ogre mage is almost dead.
The ogre mage points at you and mumbles some strange words.
The crystal spear hits you!!!
You die...

. #...#
.....###....########...#
.......................#
P.P....................#
._.........#####.......#
P.P........# #.......#
....c......# #.......#
..(......)†#####.......#
.....cO@(()[...........#
.......((.))...........#
........((.............#
.......((..............#
......((...#####.......#
...........# #.......#
...........# #.......#
....(....... ........#


You could see an ogre mage and 2 centaurs.

Vanquished Creatures
  An ironheart preserver (D:13)
  Nessos (Lair:6)
  A minotaur (Gauntlet)
  Erolcha (D:9)
  A boulder beetle (D:11)
  7 hydras
  A centaur warrior (D:13)
  4 catoblepae
  A dancing weapon (D:10)
  6 two-headed ogres
  20 death yaks
  Sonja (Lair:6)
  The ghost of StoneSoupSpirit the Cleaver, a novice DsCK of Xom (D:10)
  5 skeletal warriors (D:13)
  An unseen horror (D:12)
  A wolf spider zombie (D:13)
  A lindwurm (Lair:6)
  A necromancer (IceCv)
  7 manticores
  11 ugly things
  5 cyclopes
  12 deep elf magi
  8 slime creatures
  A centaur zombie (D:12)
  3 elephants (Lair:6)
  8 black mambas
  14 cane toads
  A gargoyle (D:14)
  4 ice statues (IceCv)
  2 efreet
  11 komodo dragons
  A rime drake (Lair:5)
  10 ice devils
  A freezing wraith (D:15)
  2 hornets (D:12)
  6 trolls
  A polar bear (Lair:6)
  11 blink frogs
  6 dream sheep (Lair:6)
  A meliai zombie (D:13)
  A wraith (D:12)
  3 shadows
  6 wyverns
  2 vampires
  42 yaks
  14 basilisks
  Grum (D:9)
  2 chaos spawn (D:13)
  Menkaure (D:7)
  6 nagas (Lair:4)
  16 water moccasins
  A soldier ant (D:12)
  3 black bears
  A hornet zombie (D:14)
  A sky beast (D:10)
  6 orc warriors
  An eye of draining (D:14)
  2 ice beasts
  A phantom (D:9)
  A necrophage (D:10)
  5 ogres
  15 centaurs
  13 wolves
  2 big kobolds
  19 bullfrogs
  6 earth elementals (D:12)
  A gnoll sergeant (D:10)
  4 scorpions
  26 killer bees
  7 wights
  3 electric eels (Lair:2)
  4 howler monkeys
  3 bullfrog zombies
  5 jellies
  A draconian simulacrum (IceCv)
  3 quasits
  Crazy Yiuf (D:7)
  6 orc priests
  3 bullfrog skeletons
  6 centaur skeletons
  9 hounds
  An iguana (D:7)
  7 orc wizards
  18 worker ants
  2 hell rats (Lair:1)
  3 troll simulacra (IceCv)
  2 spriggan simulacra (IceCv)
  3 centaur simulacra (IceCv)
  A hound zombie (D:9)
  2 hound skeletons
  A worker ant zombie (D:8)
  16 gnolls
  11 adders
  An ogre simulacrum (IceCv)
  8 river rats (Lair:1)
  2 shadow imps
  17 white imps
  2 ufetubi
  2 oozes
  3 adder skeletons
  A worm (D:4)
  A dart slug (D:1)
  6 leopard geckos
  40 orcs
  6 giant cockroaches
  8 goblins
  9 hobgoblins
  13 jackals
  20 kobolds
  5 quokkas
  2 ball pythons (D:3)
  5 bats
  5 frilled lizards
  2 leopard gecko skeletons
  7 rats
666 creatures vanquished.

Vanquished Creatures (others)
  42 fungi
  55 plants
  2 withered plants (D:5)
99 creatures vanquished.

Grand Total: 765 creatures vanquished

Notes
Turn   | Place    | Note
-------+----------+-------------------------------------------
     0 | D:1      | Amaterasu the Halfling Hunter began the quest for the Orb.
     0 | D:1      | Reached XP level 1. HP: 14/14 MP: 1/1
    17 | D:1      | Reached skill level 6 in Slings
    71 | D:1      | Reached XP level 2. HP: 19/19 MP: 2/2
   241 | D:1      | Reached skill level 7 in Slings
   241 | D:1      | Reached XP level 3. HP: 24/24 MP: 3/3
   603 | D:2      | Reached XP level 4. HP: 29/29 MP: 4/4
   972 | D:2      | Reached skill level 8 in Slings
  1574 | D:3      | Reached XP level 5. HP: 33/34 MP: 5/5
  1615 | D:3      | Reached skill level 9 in Slings
  2090 | D:3      | Reached XP level 6. HP: 38/39 MP: 4/6
  2114 | D:3      | Found an ornate altar of the Wu Jian Council.
  2185 | D:3      | Found a sacrificial altar of Ru.
  2191 | D:3      | Reached skill level 10 in Slings
  2432 | D:3      | Found a faded altar of an unknown god.
  2812 | D:4      | Found a staircase to the Ecumenical Temple.
  2816 | Temple   | Entered the Ecumenical Temple
  2879 | Temple   | Became a worshipper of Warmaster Okawaru
  3019 | D:4      | Found a sparkling altar of Nemelex Xobeh.
  3321 | D:5      | Entered Level 5 of the Dungeon
  3346 | D:5      | Reached skill level 11 in Slings
  3346 | D:5      | Reached XP level 7. HP: 36/44 MP: 7/7
  3501 | D:5      | Found a runed translucent door.
  3502 | D:5      | Noticed unihiutale's ghost (novice HuWn)
  3742 | D:5      | Reached * piety under Okawaru
  3743 | D:5      | Reached skill level 12 in Slings
  3802 | D:5      | Noticed a water moccasin
  3816 | D:5      | Killed a water moccasin
  3840 | D:5      | Reached skill level 1 in Invocations
  3840 | D:5      | Reached XP level 8. HP: 51/51 MP: 8/8
  3859 | D:5      | Found a blossoming altar of Fedhas.
  3911 | D:5      | Reached skill level 1 in Shields
  3911 | D:5      | Reached skill level 1 in Evocations
  4162 | D:6      | Reached skill level 1 in Armour
  5047 | D:6      | Reached ** piety under Okawaru
  5217 | D:6      | Found a stormy altar of Qazlal.
  5217 | D:6      | Found a bloodstained altar of Trog.
  5248 | D:6      | Got a bloodstained scale mail
  5259 | D:6      | Identified the +3 scale mail "Soanas" {Int+6} (You found it
                  | on level 6 of the Dungeon)
  5260 | D:6      | Identified a scroll of acquirement
  5260 | D:6      | Acquired a +1 fustibalus of flaming
  5359 | D:7      | Reached XP level 9. HP: 48/58 MP: 10/10
  5388 | D:7      | Reached *** piety under Okawaru
  5759 | D:7      | Reached skill level 5 in Fighting
  5834 | D:7      | Noticed Menkaure
  5837 | D:7      | Killed Menkaure
  5838 | D:7      | Reached skill level 13 in Slings
  6331 | D:7      | Found a runed translucent door.
  6332 | D:7      | Noticed Crazy Yiuf
  6340 | D:7      | Killed Crazy Yiuf
  6394 | D:8      | Noticed a troll
  6408 | D:8      | Killed a troll
  6499 | D:8      | Reached **** piety under Okawaru
  6500 | D:8      | Reached XP level 10. HP: 62/66 MP: 12/12
  6554 | D:8      | Received a gift from Okawaru
  6782 | D:8      | Reached skill level 14 in Slings
  6990 | D:8      | Received a gift from Okawaru
  7360 | D:9      | Noticed Grum
  7391 | D:9      | Reached skill level 5 in Dodging
  7394 | D:9      | Reached skill level 5 in Shields
  7394 | D:9      | Reached skill level 5 in Invocations
  7401 | D:9      | Killed Grum
  7417 | D:9      | Reached ***** piety under Okawaru
  7662 | D:9      | Identified Facam's Almanac of Dislocated Moulding
  7688 | D:9      | Noticed Erolcha
  7694 | D:9      | Killed Erolcha
  7695 | D:9      | Reached XP level 11. HP: 52/72 MP: 14/14
  8073 | D:9      | Found a staircase to the Orcish Mines.
  8124 | D:10     | Entered Level 10 of the Dungeon
  8124 | D:10     | Found Qucwiyce's Gadget Shop.
  8184 | D:10     | Noticed a two-headed ogre
  8195 | D:10     | Killed a two-headed ogre
  8195 | D:10     | Received a gift from Okawaru
  8487 | D:10     | Received a gift from Okawaru
  8490 | D:10     | Got a slimy ring mail {god gift}
  8501 | D:10     | Identified the +5 ring mail of Qucwoyc {+Fly Str+4 Int+7}
                  | (Okawaru gifted it to you on level 10 of the Dungeon)
  8666 | D:10     | Found a runed translucent door.
  8814 | D:10     | Found a shimmering altar of Xom.
  8814 | D:10     | Noticed StoneSoupSpirit's ghost (novice DsCK)
  8814 | D:10     | Noticed a +0 long sword of chaos
  8834 | D:10     | Killed a +0 long sword of chaos
  8845 | D:10     | Killed StoneSoupSpirit's ghost
  9044 | D:10     | Reached skill level 15 in Slings
  9048 | D:10     | Paralysed by a kobold for 5 turns
  9510 | D:11     | Found a staircase to the Lair.
  9670 | D:11     | Noticed a green ugly thing
  9677 | D:11     | Noticed a purple ugly thing
  9691 | D:11     | Noticed a boulder beetle
  9694 | D:11     | Killed a purple ugly thing
  9695 | D:11     | Reached XP level 12. HP: 63/83 MP: 16/16
  9707 | D:11     | Killed a boulder beetle
  9923 | D:11     | Reached skill level 16 in Slings
  9994 | D:11     | Reached ****** piety under Okawaru
  9994 | D:11     | Received a gift from Okawaru
 10129 | D:11     | You fall into a shaft and drop 3 floors!
 10132 | D:14     | Found a snail-covered altar of Cheibriados.
 10144 | D:14     | Received a gift from Okawaru
 10176 | D:14     | Noticed a two-headed ogre
 10185 | D:14     | Killed a two-headed ogre
 10204 | D:14     | Received a gift from Okawaru
 10253 | D:13     | Noticed a six-headed hydra
 10266 | D:13     | Killed a six-headed hydra
 10266 | D:13     | Received a gift from Okawaru
 10267 | D:13     | Reached skill level 17 in Slings
 10267 | D:13     | Reached skill level 5 in Evocations
 10276 | D:13     | Reached skill level 10 in Fighting
 10285 | D:13     | Reached XP level 13. HP: 65/92 MP: 18/18
 10291 | D:13     | Got a pair of twisted gloves {god gift}
 10298 | D:13     | Identified the -2 pair of gloves of Kunahy {*Slow Str+3
                  | SInv} (Okawaru gifted it to you on level 13 of the Dungeon)
 10863 | D:11     | Reached skill level 18 in Slings
 11324 | Lair:1   | Entered Level 1 of the Lair of Beasts
 12705 | Lair:2   | Found a staircase to the Swamp.
 13351 | Lair:3   | Received a gift from Okawaru
 13354 | Lair:3   | Got a pair of jewelled gloves {god gift}
 13370 | Lair:3   | Identified the +0 pair of gloves of Lukhlefot {Int+8}
                  | (Okawaru gifted it to you on level 3 of the Lair of Beasts)
 13467 | Lair:3   | Found a gate leading to a gauntlet.
 13478 | Gauntlet | Entered a Gauntlet
 13478 | Gauntlet | Found a transporter.
 13490 | Gauntlet | Found a transporter.
 13490 | Gauntlet | Found a transporter.
 13491 | Gauntlet | Found a transporter.
 13500 | Gauntlet | Found a transporter.
 13502 | Gauntlet | Found a transporter.
 13503 | Gauntlet | Found a transporter.
 13511 | Gauntlet | Found a transporter.
 13514 | Gauntlet | Found a transporter.
 13515 | Gauntlet | Found a transporter.
 13517 | Gauntlet | Noticed a green death
 13523 | Gauntlet | Found a transporter.
 13526 | Gauntlet | Found a transporter.
 13527 | Gauntlet | Found a transporter.
 13531 | Gauntlet | Found a runed translucent door.
 13532 | Gauntlet | Noticed a great orb of eyes
 13533 | Gauntlet | Found a runed translucent door.
 13535 | Gauntlet | Found a transporter.
 13781 | Gauntlet | Identified the +1 triple sword "Ciorphol" {drain, rF+
                  | Str+3}
 13781 | Gauntlet | Identified the +11 hunting sling of Battle {freeze, rN+}
 13781 | Gauntlet | Noticed a minotaur
 13792 | Gauntlet | Killed a minotaur
 14760 | Lair:4   | Reached XP level 14. HP: 98/99 MP: 20/20
 14792 | Lair:4   | Found a staircase to the Snake Pit.
 15104 | Lair:4   | Got a flickering amber ring
 15242 | Lair:4   | Found a frozen archway.
 15757 | Lair:4   | Received a gift from Okawaru
 15925 | Lair:4   | Identified the ring "Xovijad" {*Tele rF+ rN+ MP-9} (You
                  | found it on level 4 of the Lair of Beasts)
 16241 | Lair:5   | Found a frozen archway.
 16256 | Lair:5   | Received a gift from Okawaru
 16290 | IceCv    | Entered an ice cave
 16327 | IceCv    | Received a gift from Okawaru
 17429 | IceCv    | Received a gift from Okawaru
 17539 | IceCv    | Found the +8 arc blade {discharge, rElec}
 17549 | IceCv    | Got a polished plate armour
 17561 | IceCv    | Acquired the ring "Ungese" {+Inv rElec Will+ Str+5}
 17568 | IceCv    | Identified the +2 plate armour of the Dwarven Hall {Int+3}
                  | (You found it in an ice cave)
 17734 | Lair:5   | Found a bloodstained altar of Trog.
 17974 | Lair:5   | Received a gift from Okawaru
 17975 | Lair:5   | Reached skill level 1 in Short Blades
 18508 | Lair:6   | Entered Level 6 of the Lair of Beasts
 18508 | Lair:6   | Noticed Sonja
 18615 | Lair:6   | Found a runed translucent door.
 18615 | Lair:6   | Found a viscous altar of Jiyva.
 18735 | Lair:6   | Reached XP level 15. HP: 110/110 MP: 21/21
 18774 | Lair:6   | Killed Sonja
 19302 | Lair:6   | Noticed Nessos
 19314 | Lair:6   | Killed Nessos
 19484 | Lair:6   | Received a gift from Okawaru
 19505 | Lair:6   | Reached skill level 5 in Short Blades
 19651 | Lair:6   | Received a gift from Okawaru
 19895 | Lair:6   | Received a gift from Okawaru
 19907 | Lair:6   | Got an ichor-stained cloak {god gift}
 19918 | Lair:6   | Identified the +0 cloak of the Vanishing Princes {Harm
                  | Slay-2 SInv} (Okawaru gifted it to you on level 6 of the
                  | Lair of Beasts)
 20527 | Lair:6   | Found a staircase to the Slime Pits.
 21063 | D:12     | Reached skill level 10 in Evocations
 21583 | D:12     | Reached XP level 16. HP: 89/117 MP: 22/22
 21973 | D:13     | Found the +7 mace of Variability {chain chaos}
 21988 | D:13     | Reached skill level 10 in Short Blades
 22036 | D:13     | Found a shimmering altar of Xom.
 22319 | D:13     | Received a gift from Okawaru
 22431 | D:13     | Received a gift from Okawaru
 22501 | D:13     | Found a gate to the Vaults.
 23197 | D:14     | Found a hazy altar of Hepliaklqana.
 23464 | D:15     | Entered Level 15 of the Dungeon
 23525 | D:15     | Received a gift from Okawaru
 23537 | D:15     | Found a basalt altar of Yredelemnul.
 23542 | D:15     | Killed from afar by an ogre mage

Illustrated notes

Levels and vault maps discovered:
D:1:      erik_arrival_orb_chamber, layout_basic
D:2:      layout_rooms, nrook_mini_backslash
D:3:      layout_loops_ring, overflow_temple_1_default,
          chequers_ecumenical_altar_lobes, nicolae_ru_sacrificial_ziggurat
D:4:      layout_basic, minmay_temple_entry_steel_oval, nemelex_altar_shiori
D:5:      layout_cave_pools, nicolae_overflow_crystal_walls,
          gammafunk_ghost_grave
D:6:      layout_loops_ring, amethyst_overflow_temple_binary,
          amcnicky_mini_rare_corridor_liquid
D:7:      layout_loops_cross, uniq_crazy_yiuf_cottage, uniq_menkaure
D:8:      layout_rooms, chequers_serial_rivers_room_a
D:9:      layout_rooms, orc_0_dummy, uniq_grum, uniq_erolcha
D:10:     layout_loops_cross, serial_shops, shop_statue, ebering_ghost_xom
D:11:     layout_rooms, grunt_lair_entry_orc_guard_hut,
          chequers_serial_rivers_small_3, elves_outpost_lemuel
D:12:     layout_roguey, hangedman_cracks_in_the_wall
D:13:     layout_cave_pools, skrybe_vaults_entry_preservation,
          minmay_guarded_unrand_variability
D:14:     layout_rooms, infiniplex_staircase_spiral_double, basic_altar,
          cheibriados_altar_1
D:15:     gammafunk_depths_entry_grave, layout_small_grid,
          yredelemnul_altar_generic, uniq_louise
Temple:   compressed_dpeg_circular_temple
Lair:1:   layout_roguey, st_stairs_11, kennysheep_rathole, grunt_megastairs_5
Lair:2:   layout_cave_shapes, minmay_swamp_entry_eels, infiniplex_staircase_pool
Lair:3:   layout_long_grid, gauntlet_entry_generic, beast_lair_carwin_3
Lair:4:   layout_gridlike, minmay_snake_entry_guardpost_medium,
          portal_ice_cave_demonic_guard, kennysheep_basilisk_garden,
          lemuel_fruit_fields, serial_bayou_shore_b
Lair:5:   layout_cave_pods, basic_altar, portal_ice_cave_entry_imps,
          hibernation_bobbens
Lair:6:   evilmike_catoblepas_cave, layout_regular_city, slime_altar_2,
          st_stairs_3, serial_bayou_shore_b, uniq_nessos, uniq_sonja

Skill      XL: |  1  2  3  4  5  6  7  8  9 10 11 12 13 14 15 16 |
---------------+-------------------------------------------------+-----
Slings         | 6 7 8 9 11 12 13 14 15 17 18 | 18.0
Fighting       | 2 4 5 6 8 10 13 | 13.0
Invocations    | 1 2 3 5 7 9 |  9.0
Shields        | 2 3 6 |  6.0
Evocations     | 2 3 4 5 7 8 10 | 10.0
Armour         | 2 3 6 7 9 |  9.0
Dodging        | 3 4 5 6 7 9 |  9.0
Short Blades   | 2 9 13 | 13.4
Stealth        | |  1.1

Action                   |  1- 3 |  4- 6 |  7- 9 | 10-12 | 13-15 | 16-18 || total
-------------------------+-------+-------+-------+-------+-------+-------++-------
Melee: Short sword       |       |   106 |       |       |       |       ||   106
       Hunting sling     |       |     2 |       |       |       |       ||     2
       Rapier            |       |       |       |       |    83 |    87 ||   170
 Fire: Hunting sling     |    80 |   139 |   262 |       |   705 |   238 ||  1424
       Fustibalus        |       |       |   167 |   630 |   428 |       ||  1225
Invok: Heroism           |       |       |       |     1 |     4 |     2 ||     7
       Finesse           |       |       |       |       |     3 |     1 ||     4
Evoke: Condenser vane    |       |       |       |     1 |       |       ||     1
       Wand              |       |       |       |     1 |       |       ||     1
  Use: Scroll            |     2 |     5 |     5 |     5 |    20 |     3 ||    40
       Potion            |       |       |       |     1 |     1 |       ||     2
 Stab: Petrified         |       |       |       |       |     1 |       ||     1
Armor: Ring mail         |     2 |    37 |     7 |    17 |    47 |       ||   110
       Scale mail        |       |       |    16 |    24 |       |       ||    40
       Chain mail        |       |       |       |       |    38 |    17 ||    55
Dodge: Dodged            |     9 |    91 |    58 |   101 |   146 |    64 ||   469
Block: Buckler           |       |    26 |    84 |   149 |   230 |    84 ||   573
       Reflection        |       |       |     9 |    13 |    11 |     6 ||    39
